 Dungeon Crawl Stone Soup version 0.31-a0-1009-g454b1f1e0a (webtiles) character file.

Game seed: 3139776886126374472

109 Chiseanne the Covert (level 4, -3/22 HPs)
             Began as a Spriggan Brigand on Nov 14, 2023.
             Killed from afar by an orc wizard (10 damage)
             ... with a puff of flame
             ... on level 2 of the Dungeon.
             The game lasted 00:04:12 (1381 turns).

Chiseanne the Covert (Spriggan Brigand)             Turns: 1381, Time: 00:04:13

Health: -3/22      AC:  4    Str:  7    XL:     4   Next: 60%
Magic:  5/5        EV: 18    Int: 12    God:
Gold:   54         SH:  0    Dex: 18    Spells: 3/3 levels left

rFire   . . .        a - +2 dagger (spect)
rCold   . . .        (no shield)
rNeg    . . .        g - +1 robe {Will+}
rPois   .            (helmet restricted)
rElec   .            i - +0 cloak
rCorr   .            (gloves unavailable)
SInv    +            (boots unavailable)
Will    ++...        (no amulet)
Stlth   ++++         l - ring of willpower
HPRegen 0.23/turn    (no ring)
MPRegen 0.09/turn

%: no passive effects
@: lethally poisoned (-3 -> -4), very quick
A: very small, no large weapons, unfitting armour, see invisible, speed 3
a: no special abilities


You were on level 2 of the Dungeon.
You visited 1 branch of the dungeon, and saw 2 of its levels.

You collected 54 gold pieces.

Inventory:

Hand Weapons
 a - a +2 spectral dagger (weapon)
Missiles
 d - 7 poisoned darts
 e - 2 curare-tipped darts (quivered)
 m - 17 stones
Armour
 g - a +1 robe of willpower (worn)
 i - a +0 cloak (worn)
Jewellery
 l - a ring of willpower (left hand)
Talismans
 h - a beast talisman
Wands
 n - a wand of flame (5)
Scrolls
 b - 2 scrolls of identify
 j - 2 scrolls of brand weapon
Potions
 f - a potion of enlightenment
 k - 2 potions of curing


   Skills:
 - Level 1.5 Fighting
 - Level 2.1 Short Blades
 - Level 2.0 Throwing
 + Level 3.5 Dodging
 * Level 8.2 Stealth


You had 3 spell levels left.
You didn't know any spells.
Your spell library contained the following spells:

 Spells                   Type           Power      Damage    Failure   Level
 Cigotuvi's Dreadful Rot  Necr/Pois/Air  0%         N/A       45%         2
 Dispel Undead            Necr           0%         3d6       97%         4
 Death Channel            Necr           0%         N/A       100%        6


Dungeon Overview and Level Annotations

Branches:
Dungeon (2/15)

Altars:
Ashenzari

Annotations:
D:2 Jessica


Innate Abilities, Weirdness & Mutations

You are very small and have problems with some larger weapons.
You are too small for most types of armour.
You have supernaturally acute eyesight. (SInv)
You cover ground extremely quickly. (Speed+++)


Message History

Your +2 spectral dagger disappears.
An endoplasm comes into view.
You hit the orc wizard.
The orc wizard is moderately wounded.
Your +2 spectral dagger closely misses the orc wizard.
The orc wizard hits you with a +1 dagger of venom.
You are poisoned.
Your +2 spectral dagger disappears.
You feel sick.
You feel sick.
You feel sick.
You feel sick.
You feel sick.
You feel sick.
You feel sick.
Throw: 9 darts (poison)
Press: ? - help, Q - select action, (/) - cycle Shift-Dir - straight line, f - orc wizard
Aim: an orc wizard, wielding a +1 dagger of venom and wearing a +0 robe (moderately wounded, 51% to hit)
You throw a poisoned dart. The poisoned dart hits the orc wizard.
The orc wizard is poisoned.
The orc wizard is moderately wounded.
You feel sick.
Throw: 8 darts (poison)
Press: ? - help, Q - select action, (/) - cycle Shift-Dir - straight line, f/p - orc wizard
Aim: an orc wizard, wielding a +1 dagger of venom and wearing a +0 robe (moderately wounded, poisoned, 51% to hit)
You throw a poisoned dart. The poisoned dart hits the orc wizard.
The orc wizard looks even sicker.
The orc wizard is moderately wounded.
You feel sick.
The orc wizard points at you and mumbles some strange words.
You resist with almost no effort.
Throw: 3 darts (curare)
Press: ? - help, Q - select action, (/) - cycle Shift-Dir - straight line, f/p - orc wizard
Aim: an orc wizard, wielding a +1 dagger of venom and wearing a +0 robe (moderately wounded, very poisoned, 51% to hit)
You throw a curare-tipped dart.
The curare-tipped dart closely misses the orc wizard.
The curare-tipped dart closely misses the orc.
The orc wizard points at you and mumbles some strange words.
The puff of flame hits you!
You die...

##### ## ####>..####### #.#
#............# #.# #
#.##....####.###.# .##
#.###.#.#@...oo@## ...##
#.##......##.###J#.....#
#.###.#......# #.......#
##...########## #o#.._..#
######.###.####### .........
#......# #.#.....# #..#......
#.###..###...)...####.J###.##.
#[###.#...#........##... ..
#)##.....##........##.## ##


You could see an orc wizard (very poisoned), Jessica, an orc and an endoplasm.

Vanquished Creatures
  An orc priest (D:2)
  A gnoll (D:1)
  2 adders (D:2)
  A worm (D:2)
  2 dart slugs (D:1)
  6 endoplasms
  3 giant cockroaches (D:1)
  6 goblins
  7 hobgoblins
  4 kobolds
  A ball python (D:2)
  3 bats (D:2)
  3 frilled lizards
  2 rats
42 creatures vanquished.

Notes
Turn   | Place    | Note
-------+----------+-------------------------------------------
     0 | D:1      | Chiseanne the Spriggan Brigand began the quest for the Orb.
     0 | D:1      | Reached XP level 1. HP: 10/10 MP: 2/2
   109 | D:1      | Reached skill level 6 in Stealth
   239 | D:1      | Reached XP level 2. HP: 14/14 MP: 3/3
   601 | D:1      | Reached skill level 7 in Stealth
   609 | D:1      | Reached XP level 3. HP: 18/18 MP: 4/4
  1292 | D:2      | Reached XP level 4. HP: 22/22 MP: 5/5
  1361 | D:2      | Found a broken altar of Ashenzari.
  1367 | D:2      | Noticed Jessica
  1369 | D:2      | Reached skill level 8 in Stealth
  1381 | D:2      | Killed from afar by an orc wizard

Illustrated notes

Levels and vault maps discovered:
D:1:      dpeg_arrival_oval, layout_basic, amcnicky_mini_rare_corridor_liquid
D:2:      layout_loops_cross, basic_altar, uniq_jessica

Skill      XL: |  1  2  3  4 |
---------------+-------------+-----
Stealth        | 6 7 8 |  8.2
Dodging        | 2 3 |  3.5
Fighting       | |  1.5
Short Blades   | |  2.1
Throwing       | |  2.0

Action                     |  1- 3 |  4- 6 || total
---------------------------+-------+-------++-------
  Melee: Dagger            |    73 |     8 ||    81
         Punch             |     1 |     1 ||     2
  Throw: Dart              |     5 |     3 ||     8
    Use: Scroll            |     4 |       ||     4
   Stab: Sleeping          |    16 |     2 ||    18
 Armour: Robe              |    13 |     4 ||    17
  Dodge: Dodged            |    31 |     1 ||    32

Table legend: (Time is in decaauts)
 A = Elapsed time spent in this place.
 B = Non-inter-level travel time spent in this place.
 C = Inter-level travel time spent in this place.
 D = Time resting spent in this place.
 E = Time spent auto-exploring this place.
 F = Levels seen in this place.
 G = Mean time per level.
                   A        B        C        D        E       F      G
               +--------+--------+--------+--------+--------+-----+--------+
         Total |    910 |    901 |      9 |     32 |    539 |   2 |  455.0 |
       Dungeon |    910 |    901 |      9 |     32 |    539 |   2 |  455.0 |
               +--------+--------+--------+--------+--------+-----+--------+

Top non-repeatable levels by time:
     D:1: 529 daAuts
     D:2: 381 daAuts
